 Dungeon Crawl Stone Soup version 0.30-a0-779-g7971cf19c3 (webtiles) character file.

Game seed: 5758021612160554082

396 Wobber the Changer (level 6, -4/38 HPs)
             Began as an Octopode Transmuter on Feb 17, 2023.
             Slain by a gnoll
             ... wielding a +1 flail of protection
             ... led by a gnoll bouda
              (13 damage)
             ... on level 3 of the Dungeon.
             The game lasted 00:11:25 (3407 turns).

Wobber the Changer (Octopode Transmuter)            Turns: 3407, Time: 00:11:26

Health: -4/38      AC:  1    Str:  9    XL:     6   Next: 83%
Magic:  8/10       EV: 14    Int: 15    God:
Gold:   130        SH:  0    Dex: 15    Spells: 4/11 levels left

rFire   . . .      SeeInvis .      - Unarmed
rCold   . . .      Faith    .    (no shield)
rNeg    . . .      Spirit   .    (helmet currently unavailable)
rPois   .          Reflect  .    (no amulet)
rElec   .          Harm     .    j - ring of wizardry
rCorr   .          Rampage  .    (no ring)
Will    .....                    (no ring)
Stlth   +++                      (no ring)
HPRegen 0.26/turn                (no ring)
MPRegen 0.12/turn                (no ring)
                                 (no ring)
                                 (no ring)

@: appendages, wereblooded, studying Stealth
A: tentacle spike 3, almost no armour, amphibious, 8 rings, camouflage 1,
gelatinous body 1, (nimble swimmer 1), tentacles
a: End Transformation


You were on level 3 of the Dungeon.
One of your tentacles had grown a beastly spike.
You visited 1 branch of the dungeon, and saw 4 of its levels.

You collected 130 gold pieces.

Inventory:

Hand Weapons
 a - a +2 sling of freezing
Missiles
 b - 18 poisoned darts
Jewellery
 j - a ring of wizardry (left tentacle)
Wands
 o - a wand of digging (4)
Scrolls
 c - a scroll of poison {unknown}
 e - 3 scrolls of amnesia
 f - 3 scrolls of blinking
 k - a scroll of fog {unknown}
 l - 2 scrolls of teleportation {unknown}
 n - a scroll of enchant armour {unknown}
Potions
 d - 2 potions of haste
 g - a potion of lignification
 h - 2 potions of brilliance
 i - 2 potions of mutation {unknown}
 m - 2 potions of curing {unknown}


   Skills:
 + Level 1.4 Fighting
 + Level 3.1 Dodging
 - Level 3.3 Stealth
 - Level 3.0 Unarmed Combat
 + Level 3.0 Spellcasting
 * Level 4.0 Transmutations
 * Level 3.6 Ice Magic


You had 4 spell levels left.
You knew the following spells:

 Your Spells              Type           Power      Damage    Failure   Level
a - Beastly Appendage     Tmut           28%        N/A       1%          1
b - Wereblood             Tmut           14%        N/A       2%          2
c - Ice Form              Ice/Tmut       13%        N/A       16%         4

Your spell library contained the following spells:

 Spells                   Type           Power      Damage    Failure   Level
 Spider Form              Tmut/Pois      8%         N/A       11%         3
 Blade Hands              Tmut           7%         N/A       38%         5
 Iron Shot                Conj/Erth      1%         9d1       100%        6
 Animate Armour           Summ/Erth      Unusable   N/A       N/A         4

Dungeon Overview and Level Annotations

Branches:
Dungeon (4/15)
 Temple: D:4-7

Altars:
Cheibriados
Kikubaaqudgha


Innate Abilities, Weirdness & Mutations

One of your tentacles has grown a beastly spike.
You cannot wear most types of armour.
You are amphibious.
You can wear up to eight rings at the same time.
Your skin changes colour to match your surroundings (Stealth+).
Your rubbery body absorbs attacks. (AC +1, EV +1)
((You are camouflaged when in or above water. (Stealth+)))
You have tentacles for arms and can constrict up to eight enemies at once.


Message History

Confirm with . or Enter, or press ? or * to list all spells.
Your blood is infused with primal strength.
Casting: Wereblood (safe; 2% risk of failure)
Confirm with . or Enter, or press ? or * to list all spells.
One of your tentacles grows a vicious spike.
You climb downwards.
The gnoll closely misses you. The orc barely misses you.
The gnoll hits you with a +1 flail of protection!
There is a stone staircase leading up, spattered with blood here.
You barely miss the orc. Your grab misses the orc.
The orc hits you with a +0 club. The gnoll closely misses you.
The orc barely misses you.
The gnoll hits you from afar with a +0 spear.
The gnoll hits you with a +1 flail of protection.
You climb upwards.
There is a stone staircase leading down, spattered with blood here.
You tentacle-slap the orc. You grab the orc.
You pierce the orc, but do no damage.
You squeeze the orc.
The orc is almost dead.
You constrict the orc.
You feel a bit better.
You kill the orc!
The gnoll hits you with a +1 flail of protection!
* * * LOW HITPOINT WARNING * * *
You tentacle-slap the gnoll. Your grab misses the gnoll.
You pierce the gnoll.
The gnoll is moderately wounded.
The gnoll misses you.
Okay, then.
You closely miss the gnoll. You grab the gnoll.
The gnoll is moderately wounded.
You constrict the gnoll, but do no damage.
The gnoll barely misses you.
You tentacle-slap the gnoll but do no damage.
You pierce the gnoll, but do no damage.
The gnoll is moderately wounded.
You constrict the gnoll, but do no damage.
You tentacle-slap the gnoll.
You tentacle-slap the gnoll, but do no damage.
The gnoll is severely wounded.
You constrict the gnoll.
The gnoll hits you with a +1 flail of protection!
You die...

#.................#
#.................##
#......#####.......#
#...8.##...##.8..#.#
#....##....⌠##...#.########
##..##..._..###...........###
#.##......⌠#.##.#######....#
#.#.......##).#............#
#.'...#####..@#............#
#.#†.##......g#..###.#.....#
#.##.#⌠......##....#.#.....#
#..###.._...##...#.#.#.....#
#...##⌠....##......#.#.....#
#..8.##...##.8..##.#.#.....#
#.....#####..........#.....#
#.....(.........##.........#
####...##.......############


You could see a gnoll.

Vanquished Creatures
  A jelly (D:4)
  A gnoll bouda (D:3)
  An orc priest (D:3)
  Jessica (D:3)
  3 orc wizards
  7 adders
  4 gnolls (D:3)
  A worm (D:3)
  5 dart slugs
  11 orcs
  9 endoplasms
  2 giant cockroaches
  6 goblins
  7 hobgoblins
  A jackal (D:1)
  10 kobolds
  7 quokkas
  5 ball pythons
  3 bats
  4 frilled lizards
  3 rats
92 creatures vanquished.

Vanquished Creatures (others)
  3 plants (D:1)
3 creatures vanquished.

Grand Total: 95 creatures vanquished

Notes
Turn   | Place    | Note
-------+----------+-------------------------------------------
     0 | D:1      | Wobber the Octopode Transmuter began the quest for the Orb.
     0 | D:1      | Reached XP level 1. HP: 13/13 MP: 3/3
   299 | D:1      | Reached XP level 2. HP: 18/18 MP: 3/5
   398 | D:1      | Reached skill level 1 in Ice Magic
  1012 | D:1      | Learned a level 2 spell: Wereblood
  1028 | D:1      | Found a faded altar of an unknown god.
  1089 | D:2      | Reached XP level 3. HP: 23/23 MP: 4/6
  1182 | D:2      | Reached skill level 1 in Stealth
  1423 | D:2      | Reached XP level 4. HP: 28/28 MP: 7/7
  1602 | D:2      | Learned a level 4 spell: Ice Form
  1833 | D:3      | Reached skill level 3 in Transmutations
  1854 | D:3      | Noticed Jessica
  1885 | D:3      | Killed Jessica
  1886 | D:3      | Reached XP level 5. HP: 14/33 MP: 6/8
  2739 | D:3      | Found a faded altar of an unknown god.
  2743 | D:3      | Found an ancient bone altar of Kikubaaqudgha.
  2870 | D:3      | Reached XP level 6. HP: 28/38 MP: 10/10
  3116 | D:4      | Found a snail-covered altar of Cheibriados.
  3298 | D:3      | Reached skill level 4 in Transmutations
  3407 | D:3      | Slain by a gnoll

Illustrated notes

Levels and vault maps discovered:
D:1:      dpeg_arrival_concentric_ovals, layout_loops_ring,
          shapermc_ecumenical_altar_petra, minmay_domino_4
D:2:      cheibrodos_helix_gallery, layout_basic
D:3:      minmay_general_purpose_star, layout_basic,
          nicolae_overflow_ecumenical_swirl, uniq_jessica
D:4:      layout_loops_ring, mainiacjoe_overflow_cross_hatched,
          nicolae_shop_i_like_big_books

Skill      XL: |  1  2  3  4  5  6 |
---------------+-------------------+-----
Ice Magic      | 1 2 3 |  3.6
Stealth        | 1 2 3 |  3.3
Transmutations | 3 4 |  4.0
Dodging        | 3 |  3.1
Spellcasting   | 3 |  3.0
Fighting       | |  1.4
Unarmed Combat | |  3.0

Action                     |  1- 3 |  4- 6 || total
---------------------------+-------+-------++-------
  Melee: Unarmed           |    94 |   123 ||   217
         Constrict         |    22 |    38 ||    60
         Kick              |    33 |    39 ||    72
         Tentacles         |    16 |    33 ||    49
         Punch             |     4 |     6 ||    10
         Sling             |       |     1 ||     1
   Fire: Sling             |       |    28 ||    28
   Cast: Beastly Appendage |    27 |    29 ||    56
         Wereblood         |       |     9 ||     9
    Use: Scroll            |     3 |     3 ||     6
   Stab: Sleeping          |     7 |     1 ||     8
 Armour: Skin              |     2 |     4 ||     6
  Dodge: Dodged            |    40 |    67 ||   107

Table legend: (Time is in decaauts)
 A = Elapsed time spent in this place.
 B = Non-inter-level travel time spent in this place.
 C = Inter-level travel time spent in this place.
 D = Time resting spent in this place.
 E = Time spent auto-exploring this place.
 F = Levels seen in this place.
 G = Mean time per level.
                   A        B        C        D        E       F      G
               +--------+--------+--------+--------+--------+-----+--------+
         Total |   3402 |   3149 |    253 |    438 |   1822 |   4 |  850.5 |
       Dungeon |   3402 |   3149 |    253 |    438 |   1822 |   4 |  850.5 |
               +--------+--------+--------+--------+--------+-----+--------+

Top non-repeatable levels by time:
     D:3: 1317 daAuts
     D:1: 1165 daAuts
     D:2: 647 daAuts
     D:4: 272 daAuts
